PBL
COLUMBUS REDS @ DETROIT RED WINGS
08/18/2045
 
TOP OF THE 1ST
Columbus Reds batting - Pitching for Detroit Red Wings : RHP Efrain Diaz
Pitching: RHP Efrain Diaz
Batting: RHB Juan Zamora 0-0: Called Strike
0-1: Ball
1-1: Called Strike
1-2: Fly out, F8 (Flyball, 78D, EV 91.9 MPH)
Batting: SHB David Garnica 0-0: SINGLE (Groundball, 5D, EV 103.8 MPH)
Batting: LHB Matt Kennedy 0-0: Swinging Strike
0-1: Foul Ball, location: 2F
0-2: Ball
1-2: Ball
David Garnica is caught stealing 2nd base 2-6
2-2: Foul Ball, location: 2F
2-2: Ground out 4-3 (Groundball, 4, EV 92.5 MPH)
Top of the 1st over - 0 runs, 1 hit, 0 errors, 0 left on base; Columbus 0 - Detroit 0
BOTTOM OF THE 1ST
Detroit Red Wings batting - Pitching for Columbus Reds : RHP Brian Trejo
Pitching: RHP Brian Trejo
Batting: RHB Jose Evangelista 0-0: Ball
1-0: Foul Ball, location: 2F
1-1: Foul Ball, location: 2F
1-2: Strikes out swinging
Batting: RHB Kevin Steed 0-0: Ball
1-0: Ball
2-0: Swinging Strike
2-1: Ball
3-1: Base on Balls
Batting: RHB Tony Nunez 0-0: Fly out, F8 (Line Drive, 8LD, EV 90.0 MPH)
Batting: SHB Willie Medina 0-0: Ball
1-0: Ball
2-0: SINGLE (Line Drive, 7LS, EV 113.1 MPH)
Kevin Steed to second
Batting: LHB Glen Boyle 0-0: Called Strike
0-1: Called Strike
0-2: Ball
Wild Pitch!
Kevin Steed to third
Willie Medina to second
1-2: Ball
2-2: DOUBLE (Flyball, 89XD, EV 105.0 MPH)
Kevin Steed scores
Willie Medina scores
Batting: RHB Norm Wood 0-0: Called Strike
0-1: Fly out, F6 (Popup, 6, EV 73.1 MPH)
Bottom of the 1st over - 2 runs, 2 hits, 0 errors, 1 left on base; Columbus 0 - Detroit 2
TOP OF THE 2ND
Columbus Reds batting - Pitching for Detroit Red Wings : RHP Efrain Diaz
Batting: RHB Andy Bachman 0-0: Ball
1-0: Ball
2-0: Called Strike
2-1: Swinging Strike
2-2: Ball
3-2: Base on Balls
Batting: LHB Jamie Spangenberg 0-0: Ball
1-0: SINGLE (Line Drive, 7LS, EV 93.1 MPH)
Andy Bachman to second
Batting: SHB Jaivata Mohanty 0-0: Ball
1-0: Fly out, F1 (Popup, P, EV 85.0 MPH)
Batting: RHB Sang-ton Pak 0-0: Ball
1-0: Ball
2-0: Ball
3-0: Base on Balls
Andy Bachman to third
Jamie Spangenberg to second
Batting: RHB Ed Santibanez 0-0: Called Strike
0-1: Swinging Strike
0-2: Ball
1-2: Strikes out swinging
Batting: SHB Cesar Pelayo 0-0: Ball
1-0: Foul Ball, location: 2F
1-1: Ball
2-1: Called Strike
2-2: Foul Ball, location: 2F
2-2: Fielders Choice at 2nd, U4 (Groundball, 4M, EV 85.6 MPH)
Top of the 2nd over - 0 runs, 1 hit, 0 errors, 3 left on base; Columbus 0 - Detroit 2
BOTTOM OF THE 2ND
Detroit Red Wings batting - Pitching for Columbus Reds : RHP Brian Trejo
Batting: RHB Ernst Meloche 0-0: Called Strike
0-1: SINGLE (Groundball, 6M, EV 103.8 MPH) (infield hit)
Batting: LHB Isao Fukui 0-0: Called Strike
0-1: Fly out, F7 (Flyball, 7LM, EV 95.6 MPH)
Batting: RHB Yankel Pensak 0-0: Ball
1-0: Foul Ball, location: 2F
1-1: Foul Ball, location: 2F
1-2: Strikes out swinging
Batting: RHB Jose Evangelista 0-0: Ball
1-0: Foul Ball, location: 2F
1-1: Swinging Strike
1-2: Foul Ball, location: 2F
1-2: Fly out, F8 (Flyball, 78D, EV 86.2 MPH)
Bottom of the 2nd over - 0 runs, 1 hit, 0 errors, 1 left on base; Columbus 0 - Detroit 2
TOP OF THE 3RD
Columbus Reds batting - Pitching for Detroit Red Wings : RHP Efrain Diaz
Batting: RHB Juan Zamora 0-0: Ball
1-0: Called Strike
1-1: Ball
2-1: Foul Ball, location: 2F
2-2: Ball
3-2: Strikes out swinging
Batting: SHB David Garnica 0-0: Ball
1-0: Foul Ball, location: 2F
1-1: SOLO HOME RUN (Flyball, 7D, EV 98.8 MPH), Distance : 396 ft
Batting: LHB Matt Kennedy 0-0: Foul Ball, location: 2F
0-1: Foul Ball, location: 2F
0-2: Ball
1-2: Ball
2-2: Ball
3-2: SINGLE (Flyball, 3D, EV 100.6 MPH)
Batting: RHB Andy Bachman 0-0: Called Strike
0-1: Foul Ball, location: 2F
0-2: Ball
1-2: Ball
2-2: Grounds into double play, 4-6-3 (Groundball, 4, EV 83.8 MPH)
Top of the 3rd over - 1 run, 2 hits, 0 errors, 0 left on base; Columbus 1 - Detroit 2
BOTTOM OF THE 3RD
Detroit Red Wings batting - Pitching for Columbus Reds : RHP Brian Trejo
Batting: RHB Kevin Steed 0-0: Foul Ball, location: 2F
0-1: Swinging Strike
0-2: Foul Ball, location: 2F
0-2: Strikes out swinging
Batting: RHB Tony Nunez 0-0: Called Strike
0-1: Ball
1-1: Fly out, F9 (Flyball, 9, EV 97.5 MPH)
Batting: SHB Willie Medina 0-0: Foul Ball, location: 2F
0-1: SINGLE (Line Drive, 89S, EV 100.0 MPH)
Batting: LHB Glen Boyle 0-0: Called Strike
Willie Medina steals 2nd, throwing error, E2
Willie Medina to third
0-1: Called Strike
0-2: Strikes out looking
Bottom of the 3rd over - 0 runs, 1 hit, 1 error, 1 left on base; Columbus 1 - Detroit 2
TOP OF THE 4TH
Columbus Reds batting - Pitching for Detroit Red Wings : RHP Efrain Diaz
Batting: LHB Jamie Spangenberg 0-0: Called Strike
0-1: Ball
1-1: Ball
2-1: Fly out, F8 (Line Drive, 8LD, EV 94.4 MPH)
Batting: SHB Jaivata Mohanty 0-0: Foul Ball, location: 2F
0-1: Ground out 3-1 (Groundball, 34, EV 100.0 MPH)
Batting: RHB Sang-ton Pak 0-0: SINGLE (Groundball, 5D, EV 100.0 MPH)
Batting: RHB Ed Santibanez 0-0: Foul Ball, location: 2F
0-1: Ball
1-1: Ball
2-1: Ball
3-1: Fielders Choice at 2nd, 6-4 (Groundball, 6, EV 86.2 MPH)
Top of the 4th over - 0 runs, 1 hit, 0 errors, 1 left on base; Columbus 1 - Detroit 2
BOTTOM OF THE 4TH
Detroit Red Wings batting - Pitching for Columbus Reds : RHP Brian Trejo
Batting: RHB Norm Wood 0-0: Ball
1-0: SINGLE (Groundball, 56, EV 94.4 MPH)
Batting: RHB Ernst Meloche 0-0: Ball
1-0: Ball
2-0: Foul Ball, location: 2F
2-1: Swinging Strike
2-2: Foul Ball, location: 2F
2-2: SINGLE (Groundball, 6MD, EV 98.8 MPH)
Norm Wood to second
Batting: LHB Isao Fukui 0-0: SINGLE (Groundball, 4D, EV 101.2 MPH)
Norm Wood to third
Ernst Meloche to second
Batting: RHB Yankel Pensak 0-0: Foul Ball, location: 2F
0-1: Fly out, F8 (Flyball, 8LD, EV 89.4 MPH)
Runner from 3rd tags up, SCORES, throw by CF
Batting: RHB Jose Evangelista 0-0: DOUBLE (Flyball, 78D, EV 103.1 MPH)
Ernst Meloche scores
Isao Fukui to third
Batting: RHB Kevin Steed 0-0: SINGLE (Groundball, 4M, EV 95.6 MPH)
Isao Fukui scores
Jose Evangelista to third
Runner from 3rd tries for Home, SAFE, throw by CF to home
Kevin Steed to second
Batting: RHB Tony Nunez 0-0: Fly out, F8 (Flyball, 8RM, EV 93.8 MPH)
Batting: SHB Willie Medina 0-0: Ball
1-0: Ball
2-0: Ball
3-0: Base on Balls
Batting: LHB Glen Boyle 0-0: TRIPLE (Flyball, 78XD, EV 109.4 MPH)
Kevin Steed scores
Willie Medina scores
Pitching: RHP Ernie Maldonado
Batting: RHB Norm Wood 0-0: Called Strike
0-1: Ball
1-1: Ball
2-1: Ground out 1-3 (Groundball, 13S, EV 67.5 MPH)
Bottom of the 4th over - 6 runs, 6 hits, 0 errors, 1 left on base; Columbus 1 - Detroit 8
TOP OF THE 5TH
Columbus Reds batting - Pitching for Detroit Red Wings : RHP Efrain Diaz
Batting: SHB Cesar Pelayo 0-0: Ball
1-0: Foul Ball, location: 2F
1-1: Swinging Strike
1-2: Ball
2-2: SINGLE (Line Drive, 7S, EV 104.4 MPH)
Batting: RHB Juan Zamora 0-0: Ball
1-0: Foul Ball, location: 2F
1-1: Foul Ball, location: 2F
1-2: Foul Ball, location: 2F
1-2: Grounds into double play, 4-6-3 (Groundball, 34, EV 106.2 MPH)
Batting: SHB David Garnica 0-0: Fly out, F4 (Line Drive, 4, EV 73.8 MPH)
Top of the 5th over - 0 runs, 1 hit, 0 errors, 0 left on base; Columbus 1 - Detroit 8
BOTTOM OF THE 5TH
Detroit Red Wings batting - Pitching for Columbus Reds : RHP Ernie Maldonado
Batting: RHB Ernst Meloche 0-0: SINGLE (Line Drive, 34D, EV 100.0 MPH)
Batting: LHB Isao Fukui 0-0: Foul Ball, location: 2F
0-1: Swinging Strike
0-2: Foul Ball, location: 2F
0-2: Fly out, F9 (Line Drive, 9, EV 87.5 MPH)
Batting: RHB Yankel Pensak 0-0: Ball
1-0: Grounds into double play, 4-6-3 (Groundball, 4, EV 85.6 MPH)
Bottom of the 5th over - 0 runs, 1 hit, 0 errors, 0 left on base; Columbus 1 - Detroit 8
TOP OF THE 6TH
Columbus Reds batting - Pitching for Detroit Red Wings : RHP Efrain Diaz
Batting: LHB Matt Kennedy 0-0: Ball
1-0: Swinging Strike
1-1: Foul Ball, location: 2F
1-2: SINGLE (Groundball, 25, EV 70.6 MPH) (infield hit)
Batting: RHB Andy Bachman 0-0: Ball
1-0: Called Strike
1-1: Fly out, F8 (Line Drive, 8RM, EV 95.6 MPH)
Pitching: RHP Leon Benitez
Batting: LHB Jamie Spangenberg 0-0: Ball
1-0: Called Strike
1-1: Ball
2-1: Ball
3-1: Foul Ball, location: 2F
3-2: Foul Ball, location: 2F
3-2: Foul Ball, location: 2F
3-2: Foul Ball, location: 2F
3-2: Fly out, F9 (Flyball, 9, EV 94.4 MPH)
Batting: SHB Jaivata Mohanty 0-0: Ball
1-0: Called Strike
1-1: Ball
2-1: Ball
3-1: Base on Balls
Matt Kennedy to second
Batting: RHB Sang-ton Pak 0-0: Ball
1-0: Called Strike
1-1: Ball
2-1: Foul Ball, location: 2F
2-2: SINGLE (Line Drive, 34, EV 97.5 MPH)
Matt Kennedy to third
Jaivata Mohanty to second
Batting: RHB Ed Santibanez 0-0: Ball
1-0: Fly out, F7 (Line Drive, 7D, EV 97.5 MPH)
Top of the 6th over - 0 runs, 2 hits, 0 errors, 3 left on base; Columbus 1 - Detroit 8
BOTTOM OF THE 6TH
Detroit Red Wings batting - Pitching for Columbus Reds : RHP Ernie Maldonado
Batting: RHB Jose Evangelista 0-0: Swinging Strike
0-1: Ball
1-1: Foul Ball, location: 2F
1-2: Strikes out swinging
Batting: RHB Kevin Steed 0-0: Foul Ball, location: 2F
0-1: Swinging Strike
0-2: Ball
1-2: Ball
2-2: Strikes out looking
Batting: RHB Tony Nunez 0-0: Called Strike
0-1: DOUBLE (Groundball, 5L, EV 101.9 MPH)
Batting: SHB Willie Medina 0-0: Ball
1-0: Ball
2-0: Ball
3-0: Base on Balls
Batting: LHB Glen Boyle 0-0: Foul Ball, location: 2F
0-1: Foul Ball, location: 2F
0-2: Foul Ball, location: 2F
0-2: Strikes out swinging
Bottom of the 6th over - 0 runs, 1 hit, 0 errors, 2 left on base; Columbus 1 - Detroit 8
TOP OF THE 7TH
Columbus Reds batting - Pitching for Detroit Red Wings : RHP Leon Benitez
Batting: SHB Cesar Pelayo 0-0: Ball
1-0: Called Strike
1-1: Called Strike
1-2: Foul Ball, location: 2F
1-2: Strikes out swinging
Batting: RHB Juan Zamora 0-0: Ball
1-0: SINGLE (Groundball, 6MS, EV 68.8 MPH) (infield hit)
Pinch Hitting: RHB Jay Harrison 0-0: Called Strike
0-1: Ball
Pickoff Throw by Catcher to First - Out!
1-1: Swinging Strike
1-2: Ball
2-2: Ball
3-2: Base on Balls
Batting: LHB Matt Kennedy 0-0: Ball
1-0: Ball
2-0: Ball
3-0: Base on Balls
Jay Harrison to second
Batting: RHB Andy Bachman 0-0: Ball
1-0: Ball
2-0: Foul Ball, location: 2F
2-1: Ball
3-1: 3-RUN HOME RUN (Flyball, 7D, EV 111.2 MPH), Distance : 398 ft
Batting: LHB Jamie Spangenberg 0-0: Called Strike
0-1: Ball
1-1: Called Strike
1-2: Fly out, F7 (Flyball, 7LD, EV 95.0 MPH)
Top of the 7th over - 3 runs, 2 hits, 0 errors, 0 left on base; Columbus 4 - Detroit 8
BOTTOM OF THE 7TH
Detroit Red Wings batting - Pitching for Columbus Reds : RHP Ernie Maldonado
Now in LF: Jay Harrison
Now in RF: Jamie Spangenberg
Batting: RHB Norm Wood 0-0: Swinging Strike
0-1: Called Strike
0-2: Strikes out swinging
Batting: RHB Ernst Meloche 0-0: Ball
1-0: Swinging Strike
1-1: Called Strike
1-2: Strikes out swinging
Batting: LHB Isao Fukui 0-0: Swinging Strike
0-1: Called Strike
0-2: Strikes out swinging
Bottom of the 7th over - 0 runs, 0 hits, 0 errors, 0 left on base; Columbus 4 - Detroit 8
TOP OF THE 8TH
Columbus Reds batting - Pitching for Detroit Red Wings : RHP Leon Benitez
Batting: SHB Jaivata Mohanty 0-0: Called Strike
0-1: Swinging Strike
0-2: Foul Ball, location: 2F
0-2: Foul Ball, location: 2F
0-2: Ball
1-2: Foul Ball, location: 2F
1-2: Ball
2-2: Ball
3-2: SINGLE (Groundball, 34D, EV 102.5 MPH)
Batting: RHB Sang-ton Pak 0-0: Fly out, F7 (Flyball, 7LS, EV 92.5 MPH)
Batting: RHB Ed Santibanez 0-0: Called Strike
0-1: Ball
1-1: Foul Ball, location: 2F
1-2: Ball
2-2: Ball
3-2: Foul Ball, location: 2F
3-2: Foul Ball, location: 2F
3-2: Foul Ball, location: 2F
3-2: DOUBLE (Line Drive, 5D, EV 94.4 MPH)
Jaivata Mohanty to third
Pitching: LHP Estêvão Cavadas
Batting: SHB Cesar Pelayo 0-0: Ball
1-0: Foul Ball, location: 2F
1-1: Foul Ball, location: 2F
1-2: Ball
2-2: Ground out 4-3 (Groundball, 4, EV 106.2 MPH)
Jaivata Mohanty scores
Ed Santibanez to third
Batting: RHB Juan Zamora 0-0: Ball
1-0: Foul Ball, location: 2F
1-1: Fly out, F8 (Flyball, 8LD, EV 100.0 MPH)
Top of the 8th over - 1 run, 2 hits, 0 errors, 1 left on base; Columbus 5 - Detroit 8
BOTTOM OF THE 8TH
Detroit Red Wings batting - Pitching for Columbus Reds : RHP Ernie Maldonado
Batting: RHB Yankel Pensak 0-0: Called Strike
0-1: Fly out, F9 (Flyball, 89D, EV 80.0 MPH)
Batting: RHB Jose Evangelista 0-0: Foul Ball, location: 2F
0-1: Ball
1-1: Fly out, F8 (Line Drive, 8RM, EV 93.8 MPH)
Batting: RHB Kevin Steed 0-0: Ball
1-0: Ball
2-0: Ball
3-0: Base on Balls
Batting: RHB Tony Nunez 0-0: Called Strike
0-1: Swinging Strike
0-2: Ball
1-2: Ball
Kevin Steed steals 2nd base
2-2: Ground out 3-1 (Groundball, 34S, EV 92.5 MPH)
Bottom of the 8th over - 0 runs, 0 hits, 0 errors, 1 left on base; Columbus 5 - Detroit 8
TOP OF THE 9TH
Columbus Reds batting - Pitching for Detroit Red Wings : LHP Estêvão Cavadas
Batting: RHB Jay Harrison 0-0: Foul Ball, location: 2F
0-1: Ball
1-1: Swinging Strike
1-2: Foul Ball, location: 2F
1-2: Strikes out swinging
Batting: LHB Matt Kennedy 0-0: Foul Ball, location: 2F
0-1: Ball
1-1: Foul Ball, location: 2F
1-2: DOUBLE (Line Drive, 89D, EV 108.8 MPH)
Batting: RHB Andy Bachman 0-0: Ball
1-0: Ground out 1-3 (Groundball, 15S, EV 65.6 MPH)
Pinch Hitting: RHB Ben Burkholder 0-0: Fly out, F9 (Flyball, 9LS, EV 77.5 MPH)
Top of the 9th over - 0 runs, 1 hit, 0 errors, 1 left on base; Columbus 5 - Detroit 8
Wednesday, June 22nd , 2022 - OOTP Baseball 23.4 Build 64